 BcadrenCrawl: Boulder Brew version 0.03.2.1-65-gee0f953b08 (webtiles) character file.

Game seed: 3794743052380113909, levelgen mode: deterministic

338652 esc the Sniper (level 20, -13/184 HPs) Centaur Noble. Began on Feb 10, 2021. Was the Champion of Fedhas Madash. Killed from afar by a fire giant (28 damage) ... with a bolt of fire ... on level 5 of the Vaults. The game lasted 01:24:49 (26075 turns).

esc the Sniper (Centaur Noble)                     Turns: 26075, Time: 01:24:50

Health: -13/184    AC: 24    Str: 28    XL:     20 ^: 38250
Magic:  26/41      EV: 12    Int:  9    God:    Fedhas Madash [6* [184]]
Gold:   1648       SH:  0    Dex: 22    Spells: 21/21 levels left

rFire    . . .     Vision   .   c - +5 arbalest (elec)
rCold    . . .     Gourm    .   (also wielding the above weapon)
rNeg     + . .     Faith    .   g - +5 plate armour {MR+}
rPois    .         Spirit   .   e - +0 helmet {Str+3}
rElec    +         Reflect  .   K - +0 cloak of the Abyss {MR- Slay+4 +Vis Stlth+}
rCorr    .         Harm     .   d - +0 pair of gloves {archery}
MR       +++..                  (no barding)
Stlth    ..........             J - amulet of the Air {-Vis +Fly rElec EV+5 RMsl}
HPRegen  0.71/turn              T - ring of Wupy {MR+ Str+5 Dex+3, (Curse: *Drain)} (curse)
MPRegen  0.51/turn              O - ring "Ehowek" {rElec rN+ MR+ MP+9 Dex+4}

@: lethally poisoned (-13 -> -48), very slightly contaminated, invisible, repel
missiles, very quick
A: large, hooves 3, deformed body, speed 2, tough skin 3
}: 3/15 runes: serpentine, barnacled, abyssal
a: Fungal Bloom, Sunlight, Evolution, Growth, Reproduction, Rain, Renounce
Religion, Evoke Flight


You were on level 5 of the Vaults.
You worshipped Fedhas Madash.
Fedhas Madash was exalted by your worship.
You were very hungry.

You visited 7 branches of the dungeon, and saw 29 of its levels.
You visited the Abyss 1 time.
You also visited: Gauntlet and Market.

You collected 4071 gold pieces.
You spent 3423 gold pieces at shops.

Inventory:

Weapons
 c - a +5 arbalest of electrocution (weapon)
Armour
 d - a +0 pair of gloves of archery (worn)
 e - a +0 helmet of strength (worn)
 g - a +5 plate armour of magic resistance (worn)
 h - a +0 cloak of strength
 K - the +0 cloak of the Abyss (worn) {MR- Slay+4 +Vis Stlth+}
   (You found it on level 3 of the Snake Pit)

   It affects your accuracy and damage with ranged weapons and melee attacks
   (+4).
   It affects your resistance to hostile enchantments.
   It improves your vision.
   It makes you more stealthy.
Jewellery
 o - a cursed ring of slaying {(Curse: MR- Soulbond)}
 F - the cursed macabre finger necklace {rN+, (Curse: *Drain)}
   (You took it off Nikola on level 2 of the Snake Pit)

   [amulet of nothing]

   It protects you from negative energy.
   It has a curse placed upon it.
   { (Curse: *Drain)}
 J - the amulet of the Air (around neck) {-Vis +Fly rElec EV+5 RMsl}
   (You took it off a naga mage on level 2 of the Snake Pit)

   [amulet of reduced vision]

   It blurs your vision.
   It affects your evasion (+5).
   It insulates you from electricity.
   It blurs your vision.
   It lets you fly.
   It protects you from missiles.
 O - the ring "Ehowek" (right hand) {rElec rN+ MR+ MP+9 Dex+4}
   (You took it off a naga mage on level 4 of the Snake Pit)

   [ring of protection from magic]

   It affects your dexterity (+4).
   It insulates you from electricity.
   It protects you from negative energy.
   It affects your resistance to hostile enchantments.
   It affects your magic capacity (+9).
 T - the cursed ring of Wupy (left hand) {MR+ Str+5 Dex+3, (Curse: *Drain)}
   (You found it in a Gauntlet)

   [ring of protection from magic]

   It affects your strength (+5).
   It affects your dexterity (+3).
   It affects your resistance to hostile enchantments.
   It has a curse placed upon it.
   { (Curse: *Drain)}
Wands
 r - a wand of clouds (3)
 s - a wand of flame (8)
 u - a wand of polymorph (39)
 v - a wand of iceblast (7)
 w - a wand of hasting (15)
 y - a wand of acid (27)
 C - a wand of enslavement (18)
 L - a wand of disintegration (27)
 N - a wand of ensnaring (8)
 U - a wand of scattershot (10)
 V - a wand of random effects (20)
Scrolls
 a - 7 scrolls of fog
 f - 16 scrolls of teleportation
 k - 5 scrolls of magic mapping
 l - 9 scrolls of amnesia
 m - 7 scrolls of blinking
 x - 9 scrolls of fear
 E - 2 scrolls of immolation
 I - 2 scrolls of summoning
 M - a scroll of holy word
Potions
 i - 15 potions of curing
 j - 9 potions of haste
 n - 3 potions of resistance
 p - 9 potions of heal wounds
 q - 9 potions of brilliance
 t - 4 potions of cancellation
 A - 4 potions of agility
 B - 5 potions of might
 G - 2 potions of ambrosia
 H - 2 potions of invisibility
 R - a potion of magic
Miscellaneous
 D - 3 phantom mirrors
Comestibles
 b - 68 rations
 z - 3 chunks of flesh


   Skills:
 + Level 17.5 Fighting
 * Level 24.9 Crossbows
 + Level 14.0 Armour
 - Level 0.4 Stealth
 - Level 1.0 Spellcasting
 + Level 16.5 Invocations


You had 21 spell levels left.
You didn't know any spells.
Your spell library contained the following spells:

 Spells                   Type           Power        Failure   Level  Hunger
 Flame Tongue             Fire           0 (30)       67%         1    ##.....
 Infusion                 Chrm           0 (25)       67%         1    ##.....
 Magic Candle             Hex/Fire       0 (90)       67%         1    ##.....
 Poisonous Vapours        Pois/Air       0 (50)       67%         1    ##.....
 Shock                    Air            0 (25)       67%         1    ##.....
 Summon Small Mammal      Summ           0 (25)       67%         1    ##.....
 Blink                    Tloc           N/A          80%         2    ###....
 Call Imp                 Summ           0 (100)      80%         2    ###....
 Ensorcelled Hibernation  Hex/Ice        0 (50)       80%         2    ###....
 Passwall                 Tmut/Erth      0 (120)      80%         2    ###....
 Shroud of Golubria       Chrm/Tloc      0 (200)      80%         2    ###....
 Slow                     Hex            0 (100)      80%         2    ###....
 Song of Slaying          Chrm           0 (100)      80%         2    ###....
 Swiftness                Chrm/Air       0 (100)      80%         2    ###....
 Blinding Spray           Hex/Pois       0 (50)       95%         3    ####...
 Call Canine Familiar     Summ           0 (100)      95%         3    ####...
 Confuse                  Hex            0 (100)      95%         3    ####...
 Conjure Flame            Fire           0 (100)      95%         3    ####...
 Inner Flame              Hex/Fire       0 (100)      95%         3    ####...
 Mephitic Cloud           Pois/Air       0 (100)      95%         3    ####...
 Portal Projectile        Chrm/Tloc      0 (50)       95%         3    ####...
 Regeneration             Chrm/Necr      0 (200)      95%         3    ####...
 Spectral Weapon          Chrm/Summ      0 (100)      95%         3    ####...
 Static Discharge         Air            0 (100)      95%         3    ####...
 Teleport Other           Hex/Tloc       0 (100)      95%         3    ####...
 Tukima's Dance           Hex            0 (100)      95%         3    ####...
 Airstrike                Air            0 (200)      100%        4    #####..
 Cause Fear               Hex            0 (200)      100%        4    #####..
 Force Lance              Tloc/Air       0 (200)      100%        4    #####..
 Force Lasso              Tloc/Erth      0 (200)      100%        4    #####..
 Fulminant Prism          Hex            0 (200)      100%        4    #####..
 Leda's Liquefaction      Tmut/Erth      0 (200)      100%        4    #####..
 Passage of Golubria      Tloc           N/A          100%        4    #####..
 Still Winds              Hex/Air        0 (200)      100%        4    #####..
 Summon Ice Beast         Ice/Summ       0 (100)      100%        4    #####..
 Lee's Rapid Deconstruct  Erth           0 (200)      100%        5    ######.
 Lightning Bolt           Air            0 (200)      100%        5    ######.
 Methodical Deconstructi  Erth           0 (200)      100%        5    ######.
 Silence                  Hex/Air        0 (200)      100%        5    ######.
 Summon Lightning Spire   Summ/Air       0 (100)      100%        5    ######.
 Yara's Violent Unravell  Hex/Tmut       0 (200)      100%        5    ######.
 Conjure Ball Lightning   Air            0 (200)      100%        6    #######
 Darkness                 Hex            0 (200)      100%        6    #######
 Deflect Missiles         Chrm/Air       0 (200)      100%        6    #######
 Freezing Cloud           Ice/Air        0 (200)      100%        6    #######
 Invisibility             Chrm           0 (100)      100%        6    #######
 Ring of Flames           Chrm/Fire      0 (200)      100%        6    #######
 Ignition                 Fire           0 (200)      100%        8    #######
 Shatter                  Erth           0 (200)      100%        9    #######
 Tornado                  Air            0 (200)      100%        9    #######


Dungeon Overview and Level Annotations

Branches:
Dungeon (7/8)              Temple (1/1) D:4            Lair (6/6) D:5
 Shoals (4/4) Lair:3        Snake (4/4) Lair:4        Slime (0/5) Lair:6
    Orc (2/2) D:6             Elf (0/3) Orc:2        Vaults (5/5) D:7
  Crypt (0/3) Vaults:3    Gauntlet (visited)

Altars:
Ashenzari
Cheibriados
Dithmenos
Elyvilon
Fedhas Madash
Gozag Ym Sagoz
Hepliaklqana
Kikubaaqudgha
Makhleb
Nemelex Xobeh
Okawaru
Qazlal
Ru
Sif Muna
Trog
Uskayaw
Vehumet
Wu Jian
Xom
Yredelemnul
Zin
The Shining One
Jiyva

Shops:
D:2 :   Orc:1 [:   Orc:2 *:%%:   Shoals:2 *   Shoals:3 %   Vaults:3 =

Portals:
Trove: Vaults:2 (give +7 demon trident)


Innate Abilities, Weirdness & Mutations

You have hooves in place of feet.
Armour fits poorly on your strangely shaped body.
You cover ground very quickly.
You have extremely tough skin. (AC +3)


Message History

The vault guard hits your plant with a cursed +1 battleaxe of molten steel {(Curse: Fragile)} (2).
The vault guard burns your plant (2).
The vault guard evokes its amulet.
The vault guard goes berserk!
The deep elf demonologist casts a spell.
The vault guard hits you from afar with a +2 halberd of venom (26)!!
* * * LOW HITPOINT WARNING * * *
You are more poisoned.
The vault guard hits you from afar with a +0 halberd (3).
* * * LOW HITPOINT WARNING * * *
Your oklob plant blocks the vault guard's attack.
The vault guard hits you from afar with a +0 halberd (20)!!
* * * LOW HITPOINT WARNING * * *
The vault guard barely misses you (0). The fire giant casts a spell at you.
The bolt of fire hits the tentacled monstrosity (14)!
The tentacled monstrosity resists.
The bolt of fire hits your oklob plant (41)!!!
The bolt of fire hits you (28)!!
You die...
Fedhas Madash appreciates your contribution to the ecosystem.

#....##...#. #
#....#.#.#.# #.
#....#..#e.
...#/...#C#e#
.....ppp..4.
##..CpppX.#####
.s..ppPPpp.....
...pppP@Ppp....
....ppPPPp.....
.....pppp......
##....pp..#####
#.......S#
+##....#.o
#....#...
#....#....


You could see a tentacled monstrosity, a frost giant, a fire giant, 24 vault
guards, an anaconda (wandering), a wolf spider (wandering), an oklob plant, a
deep elf demonologist, a deep elf high priest, an ice devil (wandering), an orc
and 4 friendly oklob plants.

Vanquished Creatures
  Nikola (Snake:2)
  A storm dragon (Vaults:4)
  A kraken (Abyss:3)
  9 nagarajas
  Agnes (D:7)
  Ilsuiw (Shoals:4)
  8 vault wardens
  A fire giant (Vaults:4)
  An orc warlord (Orc:2)
  2 deep elf sorcerers
  Aizul (Shoals:1)
  12 ironheart preservers
  A fire dragon (Vaults:1)
  2 tentacled monstrosities (Abyss:3)
  A chaos butterfly (Lair:4)
  A gibbering mound (Abyss:2)
  7 merfolk javelineers (Shoals:4)
  An ice dragon (Vaults:2)
  A deep elf death mage (Vaults:1)
  2 mummy priests (Lair:1)
  19 naga warriors
  2 deep troll shamans
  4 merfolk avatars
  2 deep troll earth magi
  2 great orbs of eyes (Vaults:4)
  2 rakshasas (Vaults:1)
  3 death knights
  3 very ugly things (Vaults:4)
  2 starcursed masses (Abyss:2)
  8 merfolk impalers
  7 boulder beetles
  A satyr (Shoals:3)
  A ghost crab (Abyss:3)
  4 merfolk aquamancers
  3 stone giants
  A minotaur (Gauntlet)
  2 vampire magi (Vaults:3)
  A death ooze (Gauntlet)
  10 ogre magi
  Urug (D:7)
  4 swooping magpies
  6 naga sharpshooters
  A thrashing horror (Abyss:2)
  A swooping magpie (shapeshifter) (Abyss:2)
  3 deep elf knights
  3 orc high priests (Orc:2)
  11 shock serpents
  8 yaktaur captains
  A skeletal warrior (Vaults:1)
  7 unseen horrors
  8 vault guards
  Sonja (D:5)
  A salamander mystic (Snake:4)
  A wretched star (Abyss:2)
  A fire crab (Abyss:3)
  13 hydras
  A fire crab (shapeshifter) (Vaults:4)
  32 two-headed ogres
  2 deep elf archers
  12 harpies
  A large abomination (Abyss:2)
  10 naga ritualists
  A shadow wraith (Vaults:2)
  10 ironbrand convokers
  9 anacondas
  16 orc knights
  A glowing orange brain (Vaults:4)
  19 fauns
  4 wizards
  3 centaur warriors (Vaults:1)
  2 sixfirhies
  9 deep trolls
  4 deep elf magi
  3 necromancers
  15 sea snakes
  3 guardian serpents
  6 death yaks
  12 manticores
  25 giraffes
  7 orc sorcerers
  11 salamanders
  18 merfolk sirens
  2 apocalypse crabs (Abyss:3)
  8 water nymphs
  A rust devil (Gauntlet)
  31 naga magi
  Joseph (D:5)
  47 black mambas
  10 vault sentinels
  14 mana vipers
  17 spiny frogs
  A kraken simulacrum (Shoals:4)
  20 ugly things
  4 trolls
  2 rime drakes
  A meliai (shapeshifter) (D:7)
  7 wolf spiders
  A rime drake (shapeshifter) (Vaults:4)
  26 yaktaurs
  A kobold demonologist (D:6)
  Psyche (D:6)
  10 komodo dragons
  7 snapping turtles
  8 hornets
  5 wind drakes
  A human zombie (Vaults:4)
  A tengu conjurer (D:7)
  An ancient zyme (Abyss:3)
  6 polar bears
  A wraith (D:7)
  2 ynoxinuls
  29 merfolk
  22 blink frogs
  2 raiju (Gauntlet)
  3 stone giant skeletons (Vaults:4)
  A steam dragon (Lair:4)
  5 dream sheep
  A vampire (D:5)
  13 cyclopes
  A shadow dragon simulacrum (Vaults:3)
  5 hippogriffs
  A tengu simulacrum (Vaults:3)
  A neqoxec (Abyss:2)
  2 wyverns
  11 water elementals
  Grum (D:4)
  13 spriggans (Lair:6)
  2 fire bats (Lair:3)
  3 war dogs (D:4)
  A frost giant simulacrum (Vaults:2)
  2 human simulacra (Vaults:2)
  A stone giant simulacrum (Vaults:1)
  A fire elemental (Lair:3)
  3 basilisks
  55 nagas
  15 yaks
  A vampire mosquito (D:7)
  3 acid dragons (D:7)
  4 hungry ghosts
  16 slime creatures
  An ettin skeleton (Vaults:4)
  A human (shapeshifter) (D:7)
  6 wargs
  A soldier ant (D:7)
  An insubstantial wisp (Abyss:2)
  3 wolf spider zombies (D:7)
  A phantom (D:6)
  29 orc warriors
  14 porcupines
  16 water moccasins
  2 scorpions (shapeshifter) (Vaults:1)
  3 small abominations
  2 ice beasts
  4 scorpions
  An elf zombie (Vaults:4)
  4 black bears
  A two-headed ogre zombie (D:6)
  A chaos butterfly zombie (Vaults:4)
  A human skeleton (Vaults:4)
  2 sky beasts
  12 ogres
  29 wolves
  16 boggarts
  A fetid cyst (Vaults:3)
  16 crocodiles
  3 big kobolds
  12 bullfrogs
  A meliai zombie (D:7)
  7 centaurs
  A troll zombie (D:6)
  4 howler monkeys
  5 killer bees
  2 hornet zombies
  17 electric eels
  A lava snake (Lair:3)
  19 orc priests
  11 hounds
  2 jellies
  22 orc wizards
  2 iguanas
  A wyvern zombie (D:6)
  A lightning spire (Gauntlet)
  6 ogre zombies (D:6)
  7 worker ants
  5 wyvern skeletons
  5 giant cockroaches
  2 bullfrog zombies
  3 iron imps (Gauntlet)
  4 bullfrog skeletons
  9 adders
  A white imp (D:3)
  5 cinder newts
  2 worms
  A howler monkey zombie (D:5)
  An ooze (D:2)
  2 dart slugs (D:1)
  4 leopard geckos
  71 orcs
  3 adder skeletons
  10 bats
  4 hobgoblins (D:1)
  4 jackals (D:3)
  13 kobolds
  5 quokkas
  3 ball pythons (D:2)
  4 goblins (D:1)
  A goblin skeleton (D:6)
  5 goblin zombies (D:6)
  A hobgoblin skeleton (D:6)
  5 hobgoblin zombies (D:6)
  A jackal skeleton (D:2)
  4 orc skeletons
  10 orc zombies (D:6)
  A quokka skeleton (D:3)
  5 rats (D:1)
  A butterfly (Lair:6)
  A crawling corpse (D:7)
  3 jellyfish
  2 tentacles (Abyss:3)
  A withered plant (D:2)
1388 creatures vanquished.

Vanquished Creatures (others)
  A shambling mangrove (Abyss:3)
  A guardian serpent (Snake:2)
  An ogre (Vaults:4)
  2 crocodiles (Lair:6)
  An adder (D:5)
  5 orcs
  4 ballistomycetes (Snake:2)
  4 ballistomycete spores (Snake:2)
  A bush (Lair:5)
  4 fungi
  A giant blowfly (Vaults:4)
  40 plants
  2 tentacles (Abyss:3)
  23 toadstools
  52 withered plants (D:2)
142 creatures vanquished.

Grand Total: 1530 creatures vanquished

Notes
Turn   | Place    | Note
-------+----------+-------------------------------------------
     0 | Start Ma | esc the Centaur Noble began the quest for the Orb.
     0 | Start Ma | Reached XP level 1. HP: 16/16 MP: 2/2
     0 | Start Ma | Found Tuaschaeh's Expert Tomes.
     3 | Start Ma | Found Isodimitt's Auxillary Armour.
     6 | Start Ma | Bought a +0 arbalest for 180 gold pieces
    12 | Start Ma | Bought a +0 pair of gloves of archery for 230 gold pieces
    12 | Start Ma | Bought a +0 helmet for 90 gold pieces
    12 | Start Ma | Found Emiynug's Mashing MeleeMart.
    17 | Start Ma | Bought a scroll of teleportation for 48 gold pieces
    27 | Start Ma | Bought a +5 plate armour of ponderousness for 300 gold
                  | pieces
    35 | Start Ma | Bought a +0 cloak for 135 gold pieces
    68 | D:1      | esc set off with the following items: a ration, a +0
                  | arbalest, a +0 pair of gloves of archery, a +0 helmet, a
                  | scroll of teleportation, a +5 plate armour of
                  | ponderousness, a +0 cloak
   139 | D:1      | Reached skill level 1 in Crossbows
   139 | D:1      | Reached XP level 2. HP: 23/23 MP: 3/3
   188 | D:1      | Reached skill level 2 in Crossbows
   188 | D:1      | Reached XP level 3. HP: 23/29 MP: 4/4
   423 | D:1      | Reached skill level 1 in Armour
   527 | D:1      | Reached XP level 4. HP: 36/36 MP: 5/5
   535 | D:1      | Reached skill level 3 in Crossbows
   812 | D:2      | Found a hazy altar of Hepliaklqana.
   897 | D:2      | Noticed a crocodile
   898 | D:2      | Killed a crocodile
   898 | D:2      | Reached XP level 5. HP: 42/42 MP: 6/6
   899 | D:2      | Reached skill level 4 in Crossbows
   937 | D:3      | Noticed a scorpion
   965 | D:3      | Killed a scorpion
   965 | D:3      | Reached XP level 6. HP: 51/51 MP: 7/7
   979 | D:3      | Reached skill level 5 in Crossbows
  1063 | D:3      | Found a burning altar of Makhleb.
  1149 | D:3      | Reached XP level 7. HP: 58/58 MP: 8/8
  1154 | D:3      | Reached skill level 6 in Crossbows
  1366 | D:3      | Reached skill level 7 in Crossbows
  1366 | D:3      | Reached XP level 8. HP: 67/67 MP: 9/9
  1544 | D:4      | Found a stormy altar of Qazlal.
  1572 | D:4      | Reached skill level 5 in Fighting
  1582 | D:4      | Found a staircase to the Ecumenical Temple.
  1616 | Temple   | Entered the Ecumenical Temple
  1667 | Temple   | Became a worshipper of Fedhas Madash the Flourishing
  1800 | D:4      | Noticed Grum
  1810 | D:4      | Killed Grum
  1810 | D:4      | Reached skill level 8 in Crossbows
  1836 | D:4      | Reached skill level 9 in Crossbows
  1836 | D:4      | Reached XP level 9. HP: 75/75 MP: 10/10
  2071 | D:3      | Reached * piety under Fedhas Madash
  2111 | D:2      | Found Icuxt's Book Shoppe.
  2164 | D:2      | Found a white marble altar of Elyvilon.
  2437 | D:2      | Found a burning altar of Makhleb.
  2437 | D:2      | Found a radiant altar of Vehumet.
  2984 | D:5      | Entered Level 5 of the Dungeon
  2984 | D:5      | Identified the +1 scale mail of Knowledge {rF++ rN+ Int+2}
  2988 | D:5      | Noticed Joseph
  2994 | D:5      | Killed Joseph
  3031 | D:5      | Reached skill level 10 in Crossbows
  3066 | D:5      | Reached skill level 5 in Armour
  3073 | D:4      | Reached ** piety under Fedhas Madash
  3454 | D:5      | Found a staircase to the Lair.
  3454 | D:5      | Noticed a boulder beetle
  3459 | D:5      | Killed a boulder beetle
  3459 | D:5      | Reached skill level 11 in Crossbows
  3459 | D:5      | Reached XP level 10. HP: 61/86 MP: 11/11
  3567 | D:5      | Found a sacrificial altar of Ru.
  3952 | D:5      | Noticed Sonja
  3955 | D:5      | Killed Sonja
  3965 | D:5      | Reached *** piety under Fedhas Madash
  4047 | D:5      | Found a shimmering altar of Xom.
  4103 | Lair:1   | Entered Level 1 of the Lair of Beasts
  4121 | Lair:1   | Reached skill level 12 in Crossbows
  4649 | Lair:1   | Reached **** piety under Fedhas Madash
  4651 | Lair:1   | Reached XP level 11. HP: 95/95 MP: 12/12
  4719 | Lair:1   | Identified the cursed +5 robe of Hide-and-Seek {MR+ MP+9,
                  | (Curse: rF-)}
  4758 | Lair:1   | Noticed a seven-headed hydra
  4762 | Lair:1   | Killed a seven-headed hydra
  4784 | Lair:1   | Noticed a six-headed hydra
  4786 | Lair:1   | Killed a six-headed hydra
  4786 | Lair:1   | Reached skill level 13 in Crossbows
  4947 | Lair:1   | Noticed a mummy priest
  4947 | Lair:1   | Noticed a mummy priest
  4954 | Lair:1   | Killed a mummy priest
  4956 | Lair:1   | Killed a mummy priest
  5400 | Lair:2   | Noticed a seven-headed hydra
  5403 | Lair:2   | Killed a seven-headed hydra
  5403 | Lair:2   | Reached skill level 14 in Crossbows
  5437 | Lair:2   | Noticed a boulder beetle
  5442 | Lair:2   | Killed a boulder beetle
  5654 | Lair:2   | Reached XP level 12. HP: 34/106 MP: 10/13
  5828 | Lair:2   | Reached skill level 10 in Fighting
  5894 | Lair:2   | Reached ***** piety under Fedhas Madash
  6075 | Lair:3   | Found a staircase to the Shoals.
  6163 | Lair:3   | Reached skill level 15 in Crossbows
  6641 | Lair:3   | Reached skill level 16 in Crossbows
  6661 | Lair:3   | Reached XP level 13. HP: 114/116 MP: 12/14
  7122 | Lair:4   | Found a staircase to the Snake Pit.
  7493 | Lair:4   | Identified the ring "Ofolom" {Wiz rF+ rC- Str+3}
  7529 | Lair:4   | Reached ****** piety under Fedhas Madash
  7545 | Lair:4   | Noticed a chaos butterfly
  7550 | Lair:4   | Killed a chaos butterfly
  7560 | Lair:4   | Reached skill level 17 in Crossbows
  8316 | Lair:5   | Reached XP level 14. HP: 123/126 MP: 15/15
  8704 | Lair:6   | Entered Level 6 of the Lair of Beasts
  8730 | Lair:6   | Found a staircase to the Slime Pits.
  8730 | Lair:6   | Found a viscous altar of Jiyva.
  8801 | Lair:6   | Reached skill level 18 in Crossbows
  8873 | Lair:6   | Identified a scroll of acquirement
  9139 | Lair:6   | Reached skill level 10 in Armour
  9864 | D:6      | Noticed Psyche
 10140 | D:6      | Killed Psyche
 10300 | D:6      | Found a staircase to the Orcish Mines.
 10460 | D:6      | Identified the cursed ring "Sesotuk" {*Tele rPois, (Curse:
                  | Fragile MR-)}
 10987 | Orc:1    | Entered Level 1 of the Orcish Mines
 10987 | Orc:1    | Found Ijiwemmo's Armour Shop.
 11273 | Orc:2    | Entered Level 2 of the Orcish Mines
 11375 | Orc:2    | Noticed an orc warlord
 11391 | Orc:2    | Killed an orc warlord
 11391 | Orc:2    | Reached skill level 19 in Crossbows
 11417 | Orc:2    | Found a staircase to the Elven Halls.
 11749 | Orc:2    | Reached XP level 15. HP: 113/136 MP: 14/16
 11760 | Orc:2    | Found Cepnul's Food Emporium.
 11760 | Orc:2    | Found Vumymep's General Store.
 11765 | Orc:2    | Found Coostrysta's Food Emporium.
 11765 | Orc:2    | Found Yczok's Book Boutique.
 12073 | Orc:1    | Found Quxyif's Book Shop.
 12166 | Orc:1    | Bought a manual of Invocations for 1120 gold pieces
 12217 | Orc:2    | Bought 3 scrolls of bless item for 1080 gold pieces
 12433 | Snake:1  | Entered Level 1 of the Snake Pit
 12512 | Snake:1  | Reached skill level 1 in Invocations
 12703 | Snake:1  | Identified the +6 scimitar "Fote" {slice, Dex+2}
 12761 | Snake:1  | Identified the +8 staff of Terra Cotta {menace, poison;
                  | rPois rN++ +Vis}
 13288 | Snake:1  | Reached skill level 5 in Invocations
 13689 | Snake:2  | Noticed a nagaraja
 13691 | Snake:2  | Killed a nagaraja
 13692 | Snake:2  | Reached skill level 20 in Crossbows
 13975 | Snake:2  | Noticed a nagaraja
 13977 | Snake:2  | Killed a nagaraja
 13996 | Snake:2  | Noticed a nagaraja
 13998 | Snake:2  | Killed a nagaraja
 14027 | Snake:2  | Reached XP level 16. HP: 74/146 MP: 21/21
 14279 | Snake:2  | Noticed Nikola
 14302 | Snake:2  | Killed Nikola
 14783 | Snake:3  | Identified the +0 cloak of the Abyss {MR- Slay+4 +Vis
                  | Stlth+}
 15067 | Snake:3  | Found an ornate altar of the Wu Jian Council.
 15209 | Snake:3  | Reached skill level 10 in Invocations
 15275 | Snake:3  | Reached skill level 21 in Crossbows
 15412 | Snake:4  | Entered Level 4 of the Snake Pit
 15593 | Snake:4  | Identified the ring "Ehowek" {rElec rN+ MR+ MP+9 Dex+4}
 15613 | Snake:4  | Identified the cursed ring of Lafen {Ice rElec MR- Int-4
                  | Slay+4, (Curse: *Tele *Drain Fragile)}
 15693 | Snake:4  | Reached XP level 17. HP: 154/154 MP: 25/25
 15780 | Snake:4  | Reached skill level 15 in Fighting
 15890 | Snake:4  | Got a serpentine rune of Zot
 16034 | Snake:4  | Found a burning altar of Makhleb.
 16451 | Shoals:1 | Entered Level 1 of the Shoals
 16823 | Shoals:1 | Identified the Volume of the Doomed Snowflakes (You
                  | acquired it on level 1 of the Shoals)
 16831 | Shoals:1 | Noticed Aizul
 16834 | Shoals:1 | Reached skill level 22 in Crossbows
 16837 | Shoals:1 | Killed Aizul
 17168 | Shoals:2 | Found Xoepnach's General Store.
 17189 | Shoals:2 | Bought a scroll of enchantment for 120 gold pieces
 17189 | Shoals:2 | Bought a scroll of enchantment for 120 gold pieces
 17269 | Shoals:2 | Identified the cursed +0 robe of the Undertaker {rElec rF+,
                  | (Curse: -Vis)}
 17493 | Shoals:2 | Identified the cursed ring "Ymye" {*Tele rPois Int+4 Dex+4
                  | Stlth+, (Curse: Fragile)}
 17841 | Shoals:3 | Found Hucavof's Food Boutique.
 17930 | Shoals:3 | Identified the cursed amulet "Ehomug" {+Rage Str-4 Int+3
                  | +Vis, (Curse: Fragile)}
 17931 | Shoals:3 | Identified the cursed amulet of Dovuul {Faith MR++, (Curse:
                  | Fragile)}
 18144 | Shoals:3 | Reached XP level 18. HP: 98/165 MP: 28/28
 18367 | Shoals:4 | Entered Level 4 of the Shoals
 18472 | Shoals:4 | Noticed Ilsuiw
 18475 | Shoals:4 | Killed Ilsuiw
 18636 | Shoals:4 | Got a barnacled rune of Zot
 19386 | D:7      | Noticed Urug
 19389 | D:7      | Killed Urug
 19436 | D:7      | Found a gate leading to a gauntlet.
 19437 | D:7      | Identified the cursed +2 scale mail of the Monkey {-Cast
                  | rPois rF+ rCorr Dex+2, (Curse: rC-)}
 19589 | D:7      | Reached skill level 23 in Crossbows
 19700 | D:7      | Noticed Agnes
 19702 | D:7      | Killed Agnes
 19773 | Gauntlet | Entered a Gauntlet
 19773 | Gauntlet | Found a transporter.
 19784 | Gauntlet | Found a transporter.
 19799 | Gauntlet | Found a transporter.
 19805 | Gauntlet | Found a transporter.
 19820 | Gauntlet | Found a transporter.
 19839 | Gauntlet | Found a transporter.
 19841 | Gauntlet | Identified the cursed ring of Wupy {MR+ Str+5 Dex+3,
                  | (Curse: *Drain)}
 19851 | Gauntlet | Identified the cursed +0 cloak of Compression {rCorr Str+8
                  | Dex-4, (Curse: *Slow)}
 19851 | Gauntlet | Found a transporter.
 19866 | Gauntlet | Found a transporter.
 19875 | Gauntlet | Found a transporter.
 19887 | Gauntlet | Found a transporter.
 19906 | Gauntlet | Found a transporter.
 19921 | Gauntlet | Found a transporter.
 19923 | Gauntlet | Found a transporter.
 19950 | Gauntlet | Found a transporter.
 19950 | Gauntlet | Found a transporter.
 19952 | Gauntlet | Found a transporter.
 19974 | Gauntlet | Found a transporter.
 19976 | Gauntlet | Found a transporter.
 20339 | Gauntlet | Identified the Tome of Ignition
 20367 | D:7      | Found a gate to the Vaults.
 20824 | Vaults:1 | Entered Level 1 of the Vaults
 20834 | D:7      | Cast into level 2 of the Abyss (ironheart preserver)
 20840 | Abyss:2  | Found a runed translucent gate.
 20840 | Abyss:2  | Found a runed translucent gate.
 20840 | Abyss:2  | Found a runed translucent gate.
 20990 | Abyss:2  | Found a corrupted altar of Lugonu.
 21018 | Abyss:3  | Got an abyssal rune of Zot
 21075 | D:7      | Escaped the Abyss
 21157 | Vaults:1 | Reached skill level 15 in Invocations
 21193 | Vaults:1 | Reached XP level 19. HP: 131/173 MP: 30/30
 21450 | Vaults:1 | Identified the +4 katar of Irrepressible Laughter {pierce,
                  | rPois rF++}
 22749 | Vaults:2 | Found a portal to a secret trove of treasure.
 22913 | Vaults:2 | Reached skill level 24 in Crossbows
 23109 | Vaults:2 | Found a burning altar of Makhleb.
 23607 | Vaults:3 | Found a staircase to the Crypt.
 23855 | Vaults:3 | Reached XP level 20. HP: 133/184 MP: 31/31
 23919 | Vaults:3 | Identified the cursed amulet "Namomoqo" {RegenMP -Tele
                  | Str+5 Dex+3, (Curse: Fragile)}
 23945 | Vaults:3 | Identified the ring "Noaj" {rPois rC- MR+ Str+3 Stlth+}
 24393 | Vaults:3 | Found Zoeshred's Jewellery Shop.
 24520 | Vaults:4 | Identified the cursed ring "Weduis" {rElec rPois MR+++
                  | Dex-4 +Vis, (Curse: Fragile)}
 26068 | Vaults:5 | Entered Level 5 of the Vaults
 26068 | Vaults:5 | Identified the cursed ring of Lag Ycakk {rN+ Int+3 +Vis
                  | Stlth+, (Curse: Fragile)}
 26068 | Vaults:5 | Identified the cursed ring of Noon {rF+ rC+ MR+ Int-5
                  | Dex+2, (Curse: *Drain Fragile)}
 26075 | Vaults:5 | Killed from afar by a fire giant

Levels and vault maps discovered:
D:1:      ncdulo_lavacross, layout_basic, first_ration, due_unseen_surprise
D:2:      layout_sewer, chequers_temple_overflow_statue_of_worship,
          bcadren_lemuel_inverted_doored_altar, nicolae_overflow_crystal_walls,
          serial_shops, shop_fountains, serial_bayou_ford_a, st_stairs_11
D:3:      layout_loops_ring, basic_altar
D:4:      layout_basic, nicolae_qazlal_style_of_elements,
          minmay_temple_entry_junction, uniq_grum
D:5:      layout_small_grid, lemuel_round_altar, kennysheep_little_box,
          erik_lair_island, uniq_joseph, uniq_sonja
D:6:      layout_long_grid, zombieorc2_lemuel, uniq_psyche
D:7:      layout_irregular_city, skrybe_vaults_entry_preservation,
          kennysheep_small_spiral, gauntlet_entry_generic, uniq_agnes, uniq_urug
Temple:   eino_wide_crystal_templ
Lair:1:   layout_concentric_octagons, chequers_ossuary_entry_cave,
          minmay_lair_oklob_chamber
Lair:2:   layout_roguey
Lair:3:   layout_gridlike, shoals_dummy_entry, serial_bayou_shore_b,
          lemuel_fruit_tree, serial_bayou_shore_a
Lair:4:   layout_cave_pods, guppyfry_snake_entry_garden
Lair:5:   layout_misc_corridors
Lair:6:   minmay_lair_end_enchanted_forest, layout_misc_corridors, slime_island,
          grunt_megastairs_3, serial_bayou_shore_b, lemuel_fruit_fields,
          serial_bayou_shore_b, lemuel_fruit_fields
Shoals:1: layout_shoals, uniq_aizul
Shoals:2: layout_shoals, serial_shops, shop
Shoals:3: layout_shoals, serial_shops, shop
Shoals:4: shoals_end_grunt_ice, layout_shoals, shoals_ilsuiw_ice
Snake:1:  kennysheep_six_static_rooms, layout_layer_cave
Snake:2:  cheibrodos_forgotten_conduit, layout_rooms, st_stairs_2, uniq_nikola
Snake:3:  layout_misc_corridors, basic_altar, serial_bayou_lagoon_b
Snake:4:  snake_pit, layout_cave_town, drop_trap, lemuel_oklob_altar
Orc:1:    layout_caves, serial_shops, shop, shop
Orc:2:    grunt_orc_tribal_feast, layout_caves
Vaults:1: nicolae_vaults_angled_halls, v_misc_5, nicolae_vaults_specimen_jars,
          st_cells, nicolae_vaults_network_square, ontoclasm_vaults_ring_small,
          ontoclasm_vaults_pinch, hangedman_vaults_stagger, v_misc_17,
          vaults_standard_mumra_x, v_misc_8, v_alt_pattern_1,
          layout_vaults_omnibox
Vaults:2: v_misc_18, hangedman_vaults_unwind, vaults_room_semicircle,
          grunt_vaults_hallway_long, ontoclasm_vaults_eye, vaults_dpeg_diagonal,
          nicolae_vaults_asterisk, nicolae_vaults_inception_scallops,
          ontoclasm_vaults_tryst, hangedman_vaults_cutoff, v_misc_19,
          vaults_room_grid, vaults_room_semicircle,
          nicolae_vaults_yaktaur_gun_rack, vaults_mumra_minichess,
          nicolae_vaults_ring_of_whatevers, nicolae_vaults_rhombus_6, v_misc_25,
          layout_vaults_maze_bifur, enter_trove_2, basic_altar
Vaults:3: minmay_crypt_entry_simple_round, v_rooms_4,
          nicolae_vaults_back_hallway, nicolae_vaults_shelves_hall,
          layout_vaults_chaotic_city, serial_shops, nicolae_shop_waterfront
Vaults:4: v_misc_33, v_misc_4, nicolae_vaults_little_ls,
          ontoclasm_vaults_hangar, dpeg_vaults_monster_box,
          layout_vaults_omnigrid
Vaults:5: serial_shops

Skill      XL: |  1  2  3  4  5  6  7  8  9 10 11 12 13 14 15 16 17 18 19 20 |
---------------+-------------------------------------------------------------+-----
Crossbows      | 1 2 3 4 5 7 9 11 12 14 16 17 19 20 21 22 23 24 | 24.9
Armour         | 1 2 3 4 5 6 7 8 9 10 11 12 13 14 | 14.0
Fighting       | 2 3 4 5 7 8 9 11 12 13 14 15 16 17 | 17.5
Invocations    | 7 11 13 15 16 | 16.5
Stealth        | |  0.4
Spellcasting   | |  1.0

Action                   |  1- 3 |  4- 6 |  7- 9 | 10-12 | 13-15 | 16-18 | 19-21 || total
-------------------------+-------+-------+-------+-------+-------+-------+-------++-------
 Fire: Arbalest          |    81 |    60 |   108 |   288 |   709 |   724 |   432 ||  2402
Invok: Reproduction      |       |       |       |       |       |     1 |       ||     1
       Fungal Bloom      |       |       |       |       |       |       |     2 ||     2
       Evolution         |       |       |       |       |       |       |     5 ||     5
       Growth            |       |       |       |       |       |       |     1 ||     1
  Use: Scroll            |       |       |     1 |       |     5 |    11 |     1 ||    18
       Potion            |       |       |     1 |       |       |     3 |     1 ||     5
  Eat: Chunk             |       |       |     3 |     9 |    13 |    19 |    11 ||    55
       Ration            |       |       |     1 |       |     2 |     1 |       ||     4
Armor: Plate armour      |    72 |    29 |    38 |    66 |   245 |   143 |    56 ||   649
Dodge: Dodged            |     8 |     3 |     7 |    12 |    22 |    49 |    26 ||   127
       Deflected         |       |       |       |       |       |    21 |    10 ||    31
